 Dungeon Crawl Stone Soup version 0.29-a0-483-g69413ace17 (webtiles) character file.

Game seed: 18056285323613601793

119 Hubjo the Magician (level 4, -3/26 HPs)
             Began as a Deep Elf Fire Elementalist on May 25, 2022.
             Killed from afar by an orc wizard (7 damage)
             ... with a magic dart
             ... on level 3 of the Dungeon.
             The game lasted 00:03:51 (4323 turns).

Hubjo the Magician (Deep Elf Fire Elementalist)     Turns: 4323, Time: 00:03:51

Health: -3/26      AC:  6    Str:  8    XL:     4   Next: 73%
Magic:  0/12       EV: 12    Int: 25    God:
Gold:   90         SH:  0    Dex: 15    Spells: 6/11 levels left

rFire   . . .      SeeInvis .   (no weapon)
rCold   . . .      Faith    .   (no shield)
rNeg    + . .      Spirit   +   s - +0 robe of the Cooper {Contam rPois rN+ Str+3 Stlth+}
rPois   +          Reflect  .   n - +2 helmet {Int+3}
rElec   .          Harm     .   (no cloak)
rCorr   .          Rampage  .   (no gloves)
Will    .....                   i - +0 pair of boots
Stlth   +++.......              o - amulet of guardian spirit
HPRegen 0.08/turn               h - ring of wizardry
MPRegen 0.13/turn               (no ring)

@: no status effects
A: no striking features
a: no special abilities


You were on level 3 of the Dungeon.
You visited 1 branch of the dungeon, and saw 3 of its levels.

You collected 90 gold pieces.

Inventory:

Armour
 a - a +0 robe
 i - a +0 pair of boots (worn)
 n - a +2 helmet of intelligence (worn)
 s - the +0 robe of the Cooper (worn) {Contam rPois rN+ Str+3 Stlth+}
   (You found it on level 3 of the Dungeon)

   Str:       It affects your strength (+3).
   rPois:     It protects you from poison.
   rN:        It protects you from negative energy.
   Contam:    It causes magical contamination when unequipped.
   Stlth:     It makes you more stealthy.
Jewellery
 h - a ring of wizardry (left hand)
 o - an amulet of guardian spirit (around neck)
Wands
 l - a wand of paralysis (2)
Scrolls
 e - a scroll of enchant weapon {unknown}
 g - a scroll of fog {unknown}
 k - a scroll of teleportation {unknown}
 m - a scroll of identify {unknown}
 r - a scroll of torment {unknown}
Potions
 b - 2 potions of magic
 c - 3 potions of heal wounds {unknown}
 d - a potion of brilliance {unknown}
 f - a potion of berserk rage {unknown}
 j - a potion of attraction {unknown}
 p - a potion of lignification {unknown}
 q - a potion of mutation {unknown}


   Skills:
 + Level 2.1 Fighting
 - Level 2.4 Dodging
 + Level 3.5 Stealth
 + Level 4.0 Spellcasting
 - Level 1.1 Conjurations
 * Level 4.0 Fire Magic


You had 6 spell levels left.
You knew the following spells:

 Your Spells              Type           Power      Damage    Failure   Level
a - Foxfire               Conj/Fire      68%        2x1d7     1%          1
b - Flame Wave            Conj/Fire      17%        2d6       12%         4

Your spell library contained the following spells:

 Spells                   Type           Power      Damage    Failure   Level
 Scorch                   Fire           50%        2d7       1%          2
 Conjure Flame            Conj/Fire      17%        6-21      4%          3
 Inner Flame              Hex/Fire       15%        N/A       4%          3


Dungeon Overview and Level Annotations

Branches:
Dungeon (3/15)

Altars:
Fedhas


Message History

Your foxfire dissipates!
The foxfire hits something.
You conjure some foxfire!
You miscast Foxfire.
You are very lightly contaminated with residual magic.
Nothing appears to happen.
The foxfire hits something.
An orc comes into view. It is wielding a +0 trident.
The foxfire hits something.
An orc is nearby!
An orc is nearby!
An orc is nearby!
An orc is nearby!
You conjure some foxfire!
You are too depleted to draw on your mana recklessly!
You are too depleted to draw on your mana recklessly!
You are too depleted to draw on your mana recklessly!
You are too depleted to draw on your mana recklessly!
The foxfire hits something but does no damage.
The foxfire hits something.
Something hits you. Something hits you. Something hits you.
Something burns you. Something hits you. The orc closely misses you.
Your magical contamination has completely faded away.
Something hits you.
You see here a quokka corpse.
You hear some strange, mumbled words.
A puff of flame appears from out of thin air!
The puff of flame hits you!
* * * LOW HITPOINT WARNING * * *
You hear some strange, mumbled words.
Something tries to affect you, but you resist.
There is an escape hatch in the floor here.
You see here a +0 battleaxe.
Casting: Foxfire (safe; 1% risk of failure)
Confirm with . or Enter, or press ? or * to list all spells.
You conjure some foxfire!
The foxfire hits something. x2
A magic dart appears from out of thin air!
The magic dart hits you!
You die...

..###.###..<.......
#.........#........
###.#...###........
###..##########
#...###########
#.#..........)#
#.###.........#
################§###÷........#
.....†......>o{.@............#
######.......###.###.........#
#######..##..##.........#
##.....##...>.....#
##################


You could see an orc.

Vanquished Creatures
  A hound (D:3)
  An adder (D:2)
  4 worms
  2 dart slugs (D:1)
  3 orcs (D:3)
  4 endoplasms
  5 giant cockroaches
  10 goblins
  3 hobgoblins
  3 jackals (D:1)
  2 quokkas
  2 ball pythons
  9 bats
  4 frilled lizards
  5 kobolds
  5 rats
63 creatures vanquished.

Vanquished Creatures (others)
  465 foxfires
465 creatures vanquished.

Grand Total: 528 creatures vanquished

Notes
Turn   | Place    | Note
-------+----------+-------------------------------------------
     0 | D:1      | Hubjo the Deep Elf Fire Elementalist began the quest for
                  | the Orb.
     0 | D:1      | Reached XP level 1. HP: 10/10 MP: 6/6
   296 | D:1      | Reached XP level 2. HP: 16/16 MP: 4/8
   782 | D:1      | Reached skill level 1 in Fighting
  1032 | D:1      | Reached XP level 3. HP: 20/20 MP: 0/9
  1698 | D:2      | Found a blossoming altar of Fedhas.
  3177 | D:2      | Found a faded altar of an unknown god.
  3325 | D:2      | Reached XP level 4. HP: 26/26 MP: 8/11
  4105 | D:3      | Identified the +0 robe of the Cooper {Contam rPois rN+
                  | Str+3 Stlth+}
  4231 | D:3      | Learned a level 4 spell: Flame Wave
  4323 | D:3      | Killed from afar by an orc wizard

Illustrated notes

Levels and vault maps discovered:
D:1:      scummos_arrival_forest, layout_rooms, amethyst_killhole,
          hangedman_decor_clover_reticule, feat_on_display
D:2:      wander_river, layout_loops_corners, basic_altar,
          hellmonk_ecumenical_altar_blasted
D:3:      layout_rooms, minmay_misc_feat_columns

Skill      XL: |  1  2  3  4 |
---------------+-------------+-----
Fighting       | 1 2 |  2.1
Stealth        | 3 |  3.5
Spellcasting   | 4 |  4.0
Fire Magic     | 4 |  4.0
Dodging        | |  2.4
Conjurations   | |  1.1

Action                   |  1- 3 |  4- 6 || total
-------------------------+-------+-------++-------
Melee: Unarmed           |     1 |       ||     1
 Cast: Foxfire           |   212 |    73 ||   285
  Use: Scroll            |       |     2 ||     2
Armor: Robe              |     2 |     7 ||     9
Dodge: Dodged            |    12 |    15 ||    27

Table legend: (Time is in decaauts)
 A = Elapsed time spent in this place.
 B = Non-inter-level travel time spent in this place.
 C = Inter-level travel time spent in this place.
 D = Time resting spent in this place.
 E = Time spent auto-exploring this place.
 F = Levels seen in this place.
 G = Mean time per level.
                   A        B        C        D        E       F      G
               +--------+--------+--------+--------+--------+-----+--------+
         Total |   4356 |   4252 |    104 |      0 |   3706 |   3 | 1452.0 |
       Dungeon |   4356 |   4252 |    104 |      0 |   3706 |   3 | 1452.0 |
               +--------+--------+--------+--------+--------+-----+--------+

Top non-repeatable levels by time:
     D:2: 2292 daAuts
     D:1: 1447 daAuts
     D:3: 616 daAuts
